Map: Jagannatha LE

Players

Dark - Winner!

  • Race: Zerg Zerg
  • Spawn Location: 1:00

ShoWTimE

  • Race: Protoss Protoss
  • Spawn Location: 7:00

Event: TSL 6

VOD

Have the link to the VOD?

Description

Time

  • Played on: Dec. 20, 2020, 10:41 a.m.
  • Length: 9:59

All games in this series

Show
View Real Time Build Order
Export as new Build Order

Dark Zerg - Winner!

Build Orders: Hatch First, Roach Hydra 

Get SALT Encoding   

  12  0:00  Drone  
  13  0:12  Overlord  
  13  0:17  Drone  
  14  0:30  Drone x2  
  16  0:48  Hatchery  
  15  0:53  Drone  
  15  0:55  Drone  
  17  0:58  Drone  
  18  1:09  Extractor  
  17  1:14  Spawning Pool  
  17  1:18  Drone  
  17  1:20  Drone  
  18  1:28  Drone  
  19  1:39  Drone  
  20  1:49  Hatchery  
  20  1:51  Drone  
  20  2:01  Drone  
  21  2:06  Queen  
  21  2:07  Drone  
  24  2:11  Drone  
  25  2:19  Queen  
  27  2:25  Overlord  
  27  2:29  Drone  
  28  2:43  Queen  
  28  2:44  Zergling x2  
  31  2:45  Drone x3  
  31  2:47  Drone  
  31  2:50  Metabolic Boost  
  35  2:54  Drone  
  36  3:06  Queen  
  36  3:07  Drone x2  
  36  3:11  Drone x2  
  42  3:16  Overlord  
  42  3:28  Overlord  
  42  3:30  Overlord  
  42  3:35  Drone x6  
  42  3:37  Drone  
  42  3:38  Drone  
  50  3:47  Queen  
  52  3:49  Overlord  
  52  3:54  Extractor  
  51  3:56  Spore Crawler  
  51  3:58  Zergling x4, Spore Crawler  
  51  3:59  Drone x5  
  56  4:05  Drone  
  56  4:08  Drone x4  
  61  4:13  Drone  
  61  4:15  Lair  
  62  4:20  Drone x4  
  66  4:24  Overlord  
  66  4:25  Overlord  
  66  4:29  Extractor  
  66  4:30  Extractor  
  64  4:36  Overlord  
  63  4:41  Drone x2  
  63  4:43  Roach Warren, Evolution Chamber  
  63  4:44  Drone x3  
  66  4:46  Drone  
  66  4:49  Drone x2  
  66  4:50  Drone  
  70  4:54  Zergling x4  
  70  4:58  Drone x2  
  74  5:04  Extractor x2, Drone x3  
  75  5:09  Drone x2  
  75  5:12  Drone x4  
  80  5:18  Hydralisk Den, Zerg Missile Weapons Level 1  
  80  5:19  Drone  
  80  5:20  Drone x3  
  83  5:22  Drone  
  83  5:34  Overlord, Glial Reconstitution  
  83  5:35  Overlord x2  
  83  5:37  Spore Crawler  
  83  5:46  Hatchery  
  83  5:47  Overlord  
  82  5:50  Grooved Spines, Hydralisk x3  
  82  5:53  Hydralisk  
  82  5:55  Hydralisk  
  92  5:58  Hydralisk  
  92  5:59  Hydralisk  
  92  6:01  Hydralisk  
  98  6:06  Drone  
  98  6:07  Hydralisk x2  
  98  6:09  Hydralisk  
  105  6:11  Hydralisk  
  105  6:14  Hydralisk  
  108  6:20  Overlord, Drone  
  108  6:22  Hydralisk x2  
  108  6:23  Hydralisk  
  115  6:26  Hydralisk  
  115  6:27  Extractor  
  115  6:28  Hydralisk  
  118  6:34  Hydralisk  
  120  6:41  Overlord x2  
  120  6:42  Overlord  
  120  6:43  Overlord x2, Hydralisk  
  126  6:47  Roach x2  
  126  6:51  Roach  
  128  6:55  Overlord  
  128  6:56  Drone  
  128  6:59  Overlord  
  128  7:00  Drone x2  
  128  7:01  Roach  
  133  7:03  Muscular Augments  
  133  7:08  Roach x5  
  143  7:10  Hydralisk  
  143  7:13  Roach  
  143  7:15  Roach x2  
  151  7:17  Roach  
  151  7:20  Roach x2  
  151  7:22  Roach  
  159  7:24  Roach  
  159  7:25  Roach  
  159  7:27  Roach  
  159  7:29  Roach  
  167  7:31  Roach  
  167  7:33  Roach  
  167  7:35  Roach x2  
  175  7:37  Zerg Missile Weapons Level 2  
  175  7:42  Roach x3  
  181  7:44  Roach  
  181  7:46  Roach  
  181  7:48  Roach  
  186  7:56  Roach x2  
  185  7:59  Roach x4  
  185  8:02  Hydralisk  
  185  8:05  Roach  
  191  8:11  Roach x2  
  191  8:12  Roach x2  
  177  8:15  Hydralisk x2  
  177  8:18  Hydralisk x4  
  165  8:20  Hydralisk  
  165  8:21  Hydralisk  
  165  8:25  Roach  
  165  8:26  Hydralisk  
  163  8:27  Hydralisk  
  163  8:29  Hydralisk  
  163  8:33  Hydralisk x2  
  171  8:36  Hydralisk  
  171  8:37  Hydralisk  
  171  8:39  Hydralisk  
  177  8:42  Hydralisk  
  177  8:45  Hydralisk  
  177  8:47  Hydralisk  
  177  8:48  Hydralisk  
  179  8:53  Hydralisk x2  
  179  8:55  Zergling x4  
  185  8:56  Zergling x2  
  185  8:59  Roach x2  
  185  9:01  Roach  
  178  9:13  Hydralisk x3  
  178  9:14  Hydralisk x2  
  166  9:17  Roach x2  
  166  9:18  Roach  
  166  9:21  Roach x2  
  166  9:23  Zergling x6  
  173  9:25  Roach  
  173  9:27  Roach x2  
  179  9:34  Hydralisk  
  179  9:35  Hydralisk x2  
  179  9:37  Zergling x8  
Show
View Real Time Build Order
Export as new Build Order

ShoWTimE Protoss 

Build Orders: 1 Gate Expand, Oracle Opening, Zealot Archon 

Get SALT Encoding   

  12  0:00  Probe  
  13  0:12  Probe  
  14  0:17  Pylon  
  14  0:24  Probe (Chrono Boost)  
  15  0:36  Probe (Chrono Boost)  
  15  0:38  Gateway  
  16  0:45  Probe (Chrono Boost)  
  16  0:46  Assimilator  
  17  0:51  Probe  
  18  1:03  Probe  
  19  1:15  Probe  
  20  1:25  Nexus  
  20  1:28  Probe  
  21  1:39  Cybernetics Core  
  21  1:44  Assimilator  
  21  1:47  Probe  
  22  1:53  Pylon  
  22  1:59  Probe  
  23  2:11  Probe (Chrono Boost)  
  23  2:12  Adept (Chrono Boost)  
  26  2:17  Stargate  
  26  2:22  Probe (Chrono Boost)  
  27  2:23  Warp Gate  
  27  2:27  Probe (Chrono Boost)  
  28  2:35  Adept  
  30  2:38  Probe (Chrono Boost)  
  32  2:44  Probe (Chrono Boost)  
  32  2:47  Probe (Chrono Boost)  
  34  2:51  Probe (Chrono Boost)  
  34  2:52  Probe (Chrono Boost)  
  34  2:54  Void Ray (Chrono Boost)  
  35  3:02  Probe  
  35  3:04  Probe  
  41  3:13  Pylon  
  41  3:15  Probe  
  41  3:16  Probe  
  43  3:24  Gateway  
  43  3:27  Probe  
  44  3:28  Probe  
  44  3:29  Oracle (Chrono Boost)  
  48  3:39  Probe  
  48  3:40  Probe  
  50  3:51  Probe, Nexus  
  50  3:53  Pylon  
  51  3:56  Probe  
  51  4:00  Assimilator  
  51  4:02  Assimilator  
  52  4:03  Probe  
  52  4:08  Probe (Chrono Boost), Stargate  
  54  4:14  Pylon  
  55  4:17  Void Ray  
  55  4:20  Probe (Chrono Boost)  
  55  4:21  Probe (Chrono Boost)  
  60  4:26  Probe (Chrono Boost)  
  60  4:29  Probe (Chrono Boost)  
  60  4:30  Pylon  
  62  4:34  Probe  
  62  4:35  Shield Battery  
  63  4:40  Probe (Chrono Boost)  
  64  4:46  Probe (Chrono Boost), Void Ray  
  70  4:55  Void Ray (Chrono Boost)  
  70  4:57  Probe x2 (Chrono Boost)  
  71  5:02  Probe (Chrono Boost)  
  71  5:04  Probe (Chrono Boost)  
  71  5:05  Probe  
  78  5:13  Probe  
  79  5:15  Probe  
  79  5:17  Probe  
  79  5:18  Twilight Council  
  79  5:19  Forge  
  81  5:22  Void Ray (Chrono Boost)  
  81  5:24  Pylon  
  81  5:25  Probe  
  81  5:28  Assimilator, Probe  
  83  5:30  Void Ray (Chrono Boost), Probe  
  83  5:31  Assimilator  
  88  5:38  Probe  
  88  5:42  Probe x2  
  95  5:43  Pylon  
  95  5:44  Charge  
  95  5:47  Gateway  
  95  5:48  Gateway  
  95  5:51  Probe  
  95  5:54  Protoss Ground Weapons Level 1 (Chrono Boost)  
  95  5:55  Probe  
  97  5:57  Probe  
  97  5:58  Pylon  
  97  6:04  Templar Archives  
  98  6:10  Gateway  
  98  6:12  Gateway  
  98  6:14  Pylon  
  98  6:21  Gateway x2  
  98  6:25  Psionic Storm, Gateway  
  98  6:35  Gateway  
  98  6:38  Pylon  
  98  6:39  Pylon  
  98  6:44  High Templar x3  
  104  6:49  Photon Cannon  
  104  6:53  Pylon, High Templar  
  106  6:58  Pylon  
  106  6:59  Robotics Facility  
  106  7:08  High Templar  
  106  7:09  Zealot  
  110  7:17  Nexus  
  110  7:18  Pylon, High Templar  
  110  7:20  Probe x3  
  115  7:27  Zealot x6, Pylon  
  115  7:29  Pylon  
  127  7:36  Probe x2  
  127  7:37  Pylon, Probe  
  130  7:41  High Templar x2  
  130  7:42  Zealot  
  136  7:45  Archon  
  136  7:47  Photon Cannon  
  136  7:48  Probe  
  136  7:49  Observer  
  138  7:55  Zealot x3  
  136  8:04  Archon  
  136  8:05  Zealot x5  
  140  8:10  Warp Prism (Chrono Boost)  
  128  8:14  Archon  
  106  8:21  Zealot x3  
  106  8:22  Zealot x2  
  106  8:26  High Templar x5  
  118  8:29  Probe  
  118  8:32  Shield Battery  
  119  8:35  Shield Battery  
  119  8:42  Immortal (Chrono Boost)  
  119  8:44  Zealot  
  119  8:45  Zealot x3  
  131  8:55  High Templar  
  133  8:58  Shield Battery  
  133  9:00  Photon Cannon  
  133  9:01  Photon Cannon  
  133  9:02  Shield Battery  
  133  9:03  Pylon  
  133  9:08  Zealot x3  
  127  9:11  Archon  
  127  9:12  Archon  
  127  9:13  Zealot x3  
  109  9:19  Zealot x3  
  109  9:23  Zealot x3  
  107  9:30  High Templar x4  
  108  9:36  Zealot x3  
  108  9:45  Zealot  
  108  9:46  Zealot x2  
Tags
 
Add a new tag
Caveats
  • Supply blocks, unpowered buildings, or Contaminate may cause inaccurate times.
  • Supply counts are checked every 10 seconds.